 Dungeon Crawl Stone Soup version 0.27-a0-906-g0a00ce863d (webtiles) character file.

Game seed: 5482386381441986509

164 rocky1 the Shield-Bearer (level 5, -1/33 HPs)
             Began as a Gargoyle Fighter on Apr 7, 2021.
             Slain by Grinder (2 damage)
             ... on level 3 of the Dungeon.
             The game lasted 00:05:26 (2890 turns).

rocky1 the Shield-Bearer (Gargoyle Fighter)         Turns: 2890, Time: 00:05:27

Health: -1/33      AC: 12    Str: 19    XL:     5   Next: 45%
Magic:  5/5        EV:  7    Int:  9    God:
Gold:   61         SH:  9    Dex: 10    Spells: 4/4 levels left

rFire    . . .     SeeInvis .   a - +0 flail
rCold    . . .     Faith    .   c - +0 kite shield
rNeg     + . .     Spirit   .   b - +0 scale mail
rPois    ∞         Reflect  .   (no helmet)
rElec    +         Harm     .   (no cloak)
rCorr    .         Rampage  .   e - +0 pair of gloves
Will     .....                  (no boots)
Stlth    ..........             (no amulet)
HPRegen  0.11/turn              (no ring)
MPRegen  0.09/turn              (no ring)

@: no status effects
A: AC +4, negative energy resistance 1, electricity resistance, torment
resistance 1, unbreathing 1, petrification resistance
a: no special abilities


You were on level 3 of the Dungeon.
You visited 1 branch of the dungeon, and saw 3 of its levels.

You collected 61 gold pieces.

Inventory:

Hand Weapons
 a - a +0 flail (weapon)
Armour
 b - a +0 scale mail (worn)
 c - a +0 kite shield (worn)
 e - a +0 pair of gloves (worn)
Jewellery
 l - a +6 ring of intelligence
Scrolls
 f - a scroll of fog {unknown}
 h - 2 scrolls of blinking
 i - a scroll of fear
 j - a scroll of enchant weapon {unknown}
 m - a scroll of enchant armour {unknown}
Potions
 d - a potion of cancellation {unknown}
 g - a potion of attraction
 k - a potion of curing
 n - a potion of berserk rage {unknown}
 o - a potion of invisibility {unknown}
 p - a potion of magic {unknown}


   Skills:
 + Level 3.8 Fighting
 * Level 3.5 Maces & Flails
 + Level 3.7 Armour
 + Level 1.1 Dodging
 * Level 4.5 Shields


You had 4 spell levels left.
You didn't know any spells.
Your spell library contained the following spells:

 Spells                   Type           Power      Damage    Failure   Level
 Summon Small Mammal      Summ           0%         N/A       99%         1
 Call Imp                 Summ           0%         N/A       100%        2
 Call Canine Familiar     Summ           0%         N/A       100%        3
 Confusing Touch          Hex            0%         N/A       100%        3
 Gell's Gravitas          Tloc           0%         N/A       100%        3
 Summon Guardian Golem    Hex/Summ       0%         N/A       100%        3
 Petrify                  Tmut/Erth      0%         N/A       100%        4
 Summon Ice Beast         Ice/Summ       0%         N/A       100%        4
 Summon Lightning Spire   Summ/Air       0%         N/A       100%        4
 Metabolic Englaciation   Hex/Ice        0%         N/A       100%        5
 Yara's Violent Unravell  Hex/Tmut       0%         3d3       100%        5


Dungeon Overview and Level Annotations

Branches:
Dungeon (3/15)

Altars:
Qazlal

Annotations:
D:3 Grinder


Innate Abilities, Weirdness & Mutations

Your stone body is resilient. (AC +4)
You are immune to poison.
You resist negative energy. (rN+)
You are resistant to electric shocks. (rElec)
You are resistant to unholy torment.
You can survive without breathing.
You are immune to petrification.


Message History

You are unaffected.
Grinder hits you.
Your scale mail prevents you from hitting Grinder.
Grinder is moderately wounded.
Grinder gestures at you. Pain shoots through your body!
You barely miss Grinder.
Grinder is moderately wounded.
Grinder hits you.
You writhe in agony.
Grinder hits you but does no damage.
You closely miss Grinder.
Grinder is moderately wounded.
Grinder hits you.
You hit Grinder.
Grinder is moderately wounded.
Grinder says, "You look like you could use a good racking."
Grinder hits you. x2
You hit Grinder.
Grinder is heavily wounded.
Grinder hits you but does no damage.
You hit Grinder.
Grinder is severely wounded.
Grinder blinks!
You hit Grinder.
Grinder is severely wounded.
Grinder hits you but does no damage.
Grinder blinks!
Grinder hits you.
* * * LOW HITPOINT WARNING * * *
You closely miss Grinder.
Grinder is severely wounded.
Grinder hits you but does no damage.
You hit Grinder.
Grinder is almost dead.
You block Grinder's attack.
You hit Grinder.
Grinder is almost dead.
Grinder hits you.
* * * LOW HITPOINT WARNING * * *
Grinder hits you!
* * * LOW HITPOINT WARNING * * *
You writhe in agony.
You die...

.......#...## #.#
.......#...## #.#
#...# #.# #...#
#.# #...# #.# #.#
#...# #.# #.# #5#
#.# #@# #.# ###
#.# #.# #.. #.#
#.# #.#
#.######.#####.#.#
#.#............#[#
#.#.####.#####.#.#
#.#.# #.#######.#
#.#.# #.........#
#...# ###########


You could see Grinder.

Vanquished Creatures
  A jelly (D:3)
  Terence (D:3)
  4 adders
  2 worms
  A dart slug (D:1)
  6 orcs (D:3)
  4 endoplasms
  2 giant cockroaches (D:2)
  7 goblins
  5 hobgoblins
  2 jackals (D:2)
  6 quokkas
  3 ball pythons
  2 bats
  3 frilled lizards (D:1)
  2 kobolds
  5 rats
56 creatures vanquished.

Vanquished Creatures (others)
  4 toadstools (D:1)
4 creatures vanquished.

Grand Total: 60 creatures vanquished

Notes
Turn   | Place    | Note
-------+----------+-------------------------------------------
     0 | D:1      | rocky1 the Gargoyle Fighter began the quest for the Orb.
     0 | D:1      | Reached XP level 1. HP: 14/14 MP: 1/1
   118 | D:1      | Reached XP level 2. HP: 19/19 MP: 2/2
  1369 | D:2      | Reached XP level 3. HP: 23/23 MP: 3/3
  1639 | D:2      | Found a stormy altar of Qazlal.
  1845 | D:2      | Reached skill level 4 in Shields
  1845 | D:2      | Reached XP level 4. HP: 19/28 MP: 4/4
  2259 | D:3      | Reached skill level 1 in Dodging
  2301 | D:3      | Reached XP level 5. HP: 18/33 MP: 5/5
  2537 | D:3      | Noticed Terence
  2545 | D:3      | Killed Terence
  2865 | D:3      | Noticed Grinder
  2867 | D:3      | Paralysed by Grinder for 4 turns
  2890 | D:3      | HP: 1/33 [Grinder (7)]
  2890 | D:3      | Slain by Grinder

Illustrated notes

Levels and vault maps discovered:
D:1:      ldierk_walled_garden_2, layout_basic
D:2:      layout_basic, serial_glass, glass_columns_c, glass_columns_a,
          minmay_strange_pillars, item_on_display_a, item_on_display_a,
          basic_altar
D:3:      layout_basic, lemuel_flame_loot_1, uniq_grinder, uniq_terence

Skill      XL: |  1  2  3  4 |
---------------+-------------+-----
Maces & Flails | 3 |  3.5
Shields        | 4 |  4.5
Dodging        | 1 |  1.1
Fighting       | |  3.8
Armour         | |  3.7

Action                   |  1- 3 |  4- 6 || total
-------------------------+-------+-------++-------
Melee: Flail             |   140 |    73 ||   213
  Use: Scroll            |     4 |       ||     4
       Potion            |       |     1 ||     1
Armor: Scale mail        |    75 |    45 ||   120
Dodge: Dodged            |    46 |    17 ||    63
Block: Kite shield       |    72 |    36 ||   108

Table legend: (Time is in decaauts)
 A = Elapsed time spent in this place.
 B = Non-inter-level travel time spent in this place.
 C = Inter-level travel time spent in this place.
 D = Time resting spent in this place.
 E = Time spent auto-exploring this place.
 F = Levels seen in this place.
 G = Mean time per level.
                   A        B        C        D        E       F      G
               +--------+--------+--------+--------+--------+-----+--------+
         Total |   2994 |   2970 |     24 |    764 |   1641 |   3 |  998.0 |
       Dungeon |   2994 |   2970 |     24 |    764 |   1641 |   3 |  998.0 |
               +--------+--------+--------+--------+--------+-----+--------+

Top non-repeatable levels by time:
     D:1: 1366 daAuts
     D:2: 946 daAuts
     D:3: 681 daAuts
